 Dungeon Crawl Stone Soup version 0.29-a0-284-gf9362112df (webtiles) character file.

Game seed: 10995323908323196985

207 Dabor the Skirmisher (level 5, 0/34 HPs)
             Began as a Gargoyle Fighter on Mar 15, 2022.
             Slain by Blork the orc
             ... wielding a +0 war axe
              (1 damage)
             ... on level 4 of the Dungeon.
             The game lasted 00:04:33 (1901 turns).

Dabor the Skirmisher (Gargoyle Fighter)             Turns: 1901, Time: 00:04:34

Health: 0/34       AC: 13    Str: 22    XL:     5   Next: 85%
Magic:  5/5        EV: 10    Int:  8    God:
Gold:   91         SH:  4    Dex:  9    Spells: 4/4 levels left

rFire   + . .      SeeInvis .   a - +1 flail (freeze)
rCold   + . .      Faith    .   c - +0 buckler
rNeg    + . .      Spirit   .   b - +1 scale mail
rPois   ∞          Reflect  .   (no helmet)
rElec   +          Harm     .   j - scarf {rC+ rF+}
rCorr   .          Rampage  .   n - +0 pair of gloves of Space {Stlth+}
Will    .....                   (no boots)
Stlth   +.........              (no amulet)
HPRegen 0.11/turn               (no ring)
MPRegen 0.09/turn               (no ring)

@: studying Shields
A: sickness immunity, AC +4, negative energy resistance 1, electricity
resistance, torment resistance 1, petrification resistance
a: no special abilities


You were on level 4 of the Dungeon.
You visited 1 branch of the dungeon, and saw 3 of its levels.

You collected 91 gold pieces.

Inventory:

Hand Weapons
 a - a +1 flail of freezing (weapon)
Armour
 b - a +1 scale mail (worn)
 c - a +0 buckler (worn)
 j - a scarf of resistance (worn)
 n - the +0 pair of gloves of Space (worn) {Stlth+}
   (You found it on level 2 of the Dungeon)

   Stlth:     It makes you more stealthy.
Scrolls
 i - a scroll of enchant armour
Potions
 d - a potion of might
 e - 2 potions of mutation {unknown}
 f - 3 potions of heal wounds {unknown}
 h - a potion of flight {unknown}
 l - a potion of haste {unknown}
 m - a potion of magic {unknown}
 o - 2 potions of attraction {unknown}


   Skills:
 * Level 4.4 Fighting
 * Level 3.2 Maces & Flails
 * Level 4.4 Armour
 * Level 1.9 Dodging
 + Level 1.0 Stealth
 + Level 3.7 Shields


You had 4 spell levels left.
You didn't know any spells.
Your spell library contained the following spells:

 Spells                   Type           Power      Damage    Failure   Level
 Petrify                  Tmut/Erth      0%         N/A       100%        4
 Irradiate                Conj/Tmut      0%         3d13      100%        5
 Sublimation of Blood     Necr           Unusable   N/A       N/A         2

Dungeon Overview and Level Annotations

Branches:
Dungeon (2/15)             Temple (0/1) D:4

Altars:

Portals:
Sewer: D:4

Annotations:
D:4 Blork the orc


Innate Abilities, Weirdness & Mutations

You are immune to sickness and miasma.
Your stone body is resilient. (AC +4)
You are immune to poison.
You resist negative energy. (rN+)
You are resistant to electric shocks. (rElec)
You are resistant to unholy torment.
You are immune to petrification.


Message History

Blork the orc hits you with a +0 war axe.
The ufetubus misses you. You block the ufetubus's attack.
Blork the orc attacks as you move away!
Blork the orc hits you with a +0 war axe.
You hit Blork the orc. You freeze Blork the orc.
Blork the orc is moderately wounded.
You block the ufetubus's attack.
The ufetubus hits you but does no damage.
Blork the orc closely misses you.
The ufetubus hits you but does no damage.
The ufetubus closely misses you.
Blork the orc points at you and mumbles some strange words.
The puff of frost hits you. You resist. The orc hits you but does no damage.
You barely miss Blork the orc.
Blork the orc is moderately wounded.
The ufetubus hits you but does no damage.
The ufetubus closely misses you. Blork the orc casts a spell at you.
The puff of frost hits you but does no damage.
The ufetubus closely misses you. x2; The orc hits you with a +0 club.
* * * LOW HITPOINT WARNING * * *
The orc attacks as you move away! The orc closely misses you.
The ufetubus hits you but does no damage. x2
You hit Blork the orc but do no damage.
Blork the orc is moderately wounded.
Blork the orc hits you but does no damage.
The ufetubus hits you but does no damage. x2
Blork the orc hits you with a +0 war axe.
* * * LOW HITPOINT WARNING * * *
The ufetubus closely misses you.
The ufetubus hits you but does no damage.
You sock Blork the orc! You freeze Blork the orc.
Blork the orc is severely wounded.
Blork the orc casts a spell at you. The puff of frost hits you. You resist.
* * * LOW HITPOINT WARNING * * *
The ufetubus hits you but does no damage.
The ufetubus closely misses you.
Blork the orc hits you with a +0 war axe.
You die...

...######.........#.#
....................# .
.###.........##.#+#
#.........##.#
#.........##.###
#.........##...+ #
#.)...o...####.#####.#+#
++.....5o..# #...#.....#
..#..#..o#@..#
###.'.....#
......≈≈≈≈≈...#
#.#.....#
.....#≈≈≈≈†≈≈#.#
#.###.#+#
......≈≈≈≈≈≈≈≈..# #...+
#.. .......≈≈≈∩≈≈≈...#
###.#####
.......≈≈≈≈≈≈≈≈....
#.....'
####..#≈≈≈≈≈≈≈#....
#####.#
#....≈≈≈≈≈....... #..
.....#...#..... ###


You could see Blork the orc (fast), an orc and an ufetubus.

Vanquished Creatures
  A scorpion (D:4)
  An iguana (D:4)
  7 adders
  2 worms (D:4)
  2 orcs (D:4)
  5 giant cockroaches
  2 goblins (D:1)
  8 hobgoblins
  4 jackals (D:2)
  4 quokkas
  6 ball pythons
  A bat (D:1)
  4 frilled lizards
  3 kobolds
  3 rats
53 creatures vanquished.

Vanquished Creatures (others)
  3 plants (D:2)
3 creatures vanquished.

Grand Total: 56 creatures vanquished

Notes
Turn   | Place    | Note
-------+----------+-------------------------------------------
     0 | D:1      | Dabor the Gargoyle Fighter began the quest for the Orb.
     0 | D:1      | Reached XP level 1. HP: 14/14 MP: 1/1
    78 | D:1      | Found a faded altar of an unknown god.
    90 | D:1      | Reached XP level 2. HP: 18/19 MP: 2/2
   581 | D:1      | Reached XP level 3. HP: 14/23 MP: 3/3
  1050 | D:2      | Reached skill level 1 in Dodging
  1460 | D:2      | Reached XP level 4. HP: 29/29 MP: 4/4
  1464 | D:2      | Identified the +0 pair of gloves of Space {Stlth+}
  1505 | D:2      | You fall into a shaft and drop 2 floors!
  1599 | D:4      | Identified a scroll of acquirement
  1601 | D:4      | Acquired a manual of Shields
  1812 | D:4      | Found a staircase to the Ecumenical Temple.
  1826 | D:4      | Reached XP level 5. HP: 31/33 MP: 5/5
  1870 | D:4      | Found a glowing drain.
  1879 | D:4      | Noticed Blork the orc
  1880 | D:4      | Reached skill level 1 in Stealth
  1901 | D:4      | HP: 1/34 [Blork the orc/puff of frost (5)]
  1901 | D:4      | Slain by Blork the orc

Illustrated notes

Levels and vault maps discovered:
D:1:      minmay_arrival_loop, layout_rooms,
          shapermc_ecumenical_altar_flowoftime
D:2:      layout_loops_ring, serial_bayou_ford_a
D:4:      nicolae_cairo_tiling_large, layout_basic,
          minmay_temple_entry_stoned_glass, cheibrodos_sewer_entry_drain,
          uniq_crazy_yiuf_cottage, uniq_blork_the_orc

Skill      XL: |  1  2  3  4  5 |
---------------+----------------+-----
Dodging        | 1 |  1.9
Fighting       | 4 |  4.4
Armour         | 4 |  4.4
Maces & Flails | 3 |  3.2
Stealth        | 1 |  1.0
Shields        | |  3.7

Action                   |  1- 3 |  4- 6 || total
-------------------------+-------+-------++-------
Melee: Flail             |   146 |    74 ||   220
  Use: Scroll            |       |     6 ||     6
Armor: Scale mail        |   107 |    65 ||   172
Dodge: Dodged            |   105 |    68 ||   173
Block: Buckler           |    39 |    23 ||    62

Table legend: (Time is in decaauts)
 A = Elapsed time spent in this place.
 B = Non-inter-level travel time spent in this place.
 C = Inter-level travel time spent in this place.
 D = Time resting spent in this place.
 E = Time spent auto-exploring this place.
 F = Levels seen in this place.
 G = Mean time per level.
                   A        B        C        D        E       F      G
               +--------+--------+--------+--------+--------+-----+--------+
         Total |   1978 |   1885 |     93 |    166 |   1058 |   3 |  659.3 |
       Dungeon |   1978 |   1885 |     93 |    166 |   1058 |   3 |  659.3 |
               +--------+--------+--------+--------+--------+-----+--------+

Top non-repeatable levels by time:
     D:1: 987 daAuts
     D:2: 573 daAuts
     D:4: 417 daAuts
